 Dungeon Crawl Stone Soup version 0.18.1-8-gdd0e5ea (webtiles) character file.

17 Wooh the Scratcher (level 2, 0/12 HPs)
             Began as a Felid Transmuter on May 30, 2016.
             Slain by a jackal (2 damage)
             ... on level 1 of the Dungeon.
             The game lasted 00:02:19 (386 turns).

Wooh the Scratcher (Felid Transmuter)                Turns: 386, Time: 00:02:19

Health: 0/12       AC:  1    Str:  6    XL:     2   Next: 44%
Magic:  5/6        EV: 18    Int: 14    God:
Gold:   20         SH:  0    Dex: 16    Spells: 1 memorised, 4 levels left
                                        Lives:  0   Deaths: 0

rFire  . . .     SeeInvis +       - Unarmed
rCold  . . .     Gourm    .     (armour unavailable)
rNeg   . . .     Faith    .     (shield unavailable)
rPois  .         Spirit   .     (helmet unavailable)
rElec  .         Dismiss  .     (cloak unavailable)
rCorr  .         Reflect  .     (gloves unavailable)
SustAt .         Harm     .     (boots unavailable)
MR     .....                    (no amulet)
Stlth  ++........               (no ring)
                                (no ring)

@: appendage, very slightly contaminated, quick, not resistant to hostile
enchantments, unstealthy
A: no armour, no weapons or thrown items, claws 1, fangs 3, horns 2, see
invisible, carnivore 3, speed 1, shaggy fur 1, slow metabolism 1, sharp paws
a: End Transformation


You were on level 1 of the Dungeon.
You were very full.
You had grown temporary horns.
You visited 1 branch of the dungeon, and saw 1 of its levels.

You collected 20 gold pieces.

Inventory:

Missiles
 a - 12 arrows
Jewellery
 d - a +4 ring of evasion {unknown}
Scrolls
 e - a scroll of remove curse {unknown}
 f - a scroll of identify {unknown}
Books
 b - a book of Changes

   Spells                             Type                      Level
   a - Beastly Appendage              Transmutation                1
   b - Sticks to Snakes               Transmutation                2
   c - Spider Form                    Transmutation/Poison         3
   d - Ice Form                       Ice/Transmutation            4
   e - Blade Hands                    Transmutation                5
Comestibles
 c - a meat ration


   Skills:
 - Level 1.0 Fighting
 - Level 2.6 Dodging
 + Level 3.9 Unarmed Combat
 - Level 2.0 Spellcasting
 - Level 2.1 Transmutations


You had 4 spell levels left.
You knew the following spells:

 Your Spells              Type           Power        Failure   Level  Hunger
a - Beastly Appendage     Trmt           #.....       12%         1    ##.....


Dungeon Overview and Level Annotations

Branches:
Dungeon (1/15)

Altars:


Innate Abilities, Weirdness & Mutations

You cannot wear armour.
You are incapable of wielding weapons or throwing items.
You have sharp claws.
You have razor-sharp teeth.
You have supernaturally acute eyesight.
You are carnivorous and can eat meat at any time.
You cover ground quickly.
You are covered in fur (AC +1).
You have a slow metabolism.
Your sharp claws are effective at attacking unaware monsters.
You have a pair of horns on your head.


Message History

You are too injured to fight recklessly!
You scratch the jackal.
You kill the jackal!
The jackal closely misses you.
Unknown command.
The jackal bites you.
* * * LOW HITPOINT WARNING * * *
You scratch the jackal but do no damage.
The jackal completely misses you. The jackal misses you.
You scratch the jackal but do no damage.
Your bite misses the jackal.
Your horns disappear.
The jackal misses you.
Casting: Beastly Appendage
Confirm with . or Enter, or press ? or * to list all spells.
You grow a pair of large bovine horns.
The jackal misses you. x2
You closely miss the jackal.
You headbutt the jackal, but do no damage.
The jackal bites you.
You die...

#............. ......#....#
...........# . .......###.###
... .............###..... .#
.....######..........####.###
.....# #...##### ........#
.#..## ###...#####.......
.... ###.@hh.# ..... .#..
#####.## h.. ... #..###)#
##...#.#### #.........#
#.........# #.........#
###########


You could see 2 jackals.

Vanquished Creatures
  2 dart slugs (D:1)
  2 giant cockroaches (D:1)
  A goblin (D:1)
  4 hobgoblins (D:1)
  A jackal (D:1)
  A kobold (D:1)
11 creatures vanquished.

Notes
Turn   | Place    | Note
--------------------------------------------------------------
     0 | D:1      | Wooh the Felid Transmuter began the quest for the Orb.
     0 | D:1      | Reached XP level 1. HP: 9/9 MP: 4/4
   298 | D:1      | Reached XP level 2. HP: 12/12 MP: 3/6
   386 | D:1      | Slain by a jackal

Action                   || total
-------------------------++-------
Melee: Unarmed           ||    46
       Headbutt          ||     7
       Bite              ||     2
 Cast: Beastly Appendage ||     5
 Stab: Sleeping          ||     1
  Eat: Chunk             ||     6
Armor: Skin              ||     1
Dodge: Dodged            ||    36
